[Event "81st Georgian Women-ch 2024"]
[Site "Tbilisi"]
[Date "2024.02.17"]
[Round "8.4"]
[White "Khotenashvili, Bella"]
[Black "Kirtadze, Anastasia"]
[Result "1-0"]
[ECO "D00"]
[WhiteElo "2467"]
[BlackElo "1981"]
[Annotator "TA"]
[PlyCount "73"]
[EventDate "2024.02.08"]
[EventType "tourn"]
[EventCountry "GEO"]
[SourceTitle "playchess.com"]
[Source "ChessBase"]
[SourceQuality "1"]
[TimeControl "40/5400+30:1800+30"]

1. d4 Nf6 2. Bg5 d5 3. e3 c5 4. c3 Nc6 5. Bxf6 gxf6 6. dxc5 e5 7. b4 a5 8. Bb5 {[%emt 0:01:04] The position is equal.} Bd7 9. Qb3 Qc7 (9... Bg7 $14) 10. Nd2 (10. Qxd5 axb4 11. Ne2 Be6 $11) 10... Be6 11. Ne2 h5 12. O-O h4 13. f4 {[%emt 0:00:17] White is more active.} (13. a3 $16) 13... d4 14. Bc4 a4 15. Qc2 dxe3 {[%emt 0:02:48] [#]} 16. Bxe6 $1 fxe6 17. Nc4 {[%emt 0:01:52] Strongly threatening fxe5.} f5 (17... Qh7 {is a better defense.} 18. Qxh7 (18. Nxe3 Qxc2 19. Nxc2 O-O-O $16) 18... Rxh7) 18. Rad1 $18 (18. Nxe3 $6 O-O-O $18) 18... Be7 19. Qd3 {[%emt 0:07:09] fxe5 is the strong threat.} (19. Nxe3 Rd8 20. Qxa4 Kf7 $18) 19... h3 (19... e4 $142 20. Qxe3 Rd8) 20. g3 (20. Nxe3 hxg2 21. Nxg2 (21. Kxg2 exf4 22. Nxf4 Rd8 $11) 21... Rh6 $14) 20... e4 21. Qc2 O-O 22. Qc1 Rad8 23. Qxe3 e5 24. Nb6 Bf6 25. Nd5 ({Resist} 25. Nxa4 Rxd1 26. Rxd1 Rd8 $16) 25... Qg7 (25... Qf7 $142 26. c4 exf4 27. Nexf4 (27. gxf4 Qg7+ 28. Qg3 Kf7 $14) 27... Bg7 28. Nxh3 Rde8) 26. b5 Na5 27. Nxf6+ Qxf6 28. fxe5 Qe7 (28... Nc4 29. Qf4 Nxe5 30. Rxd8 Rxd8) 29. Rd4 {[%emt 0:02:45] White is clearly winning.} Qg7 30. Nf4 {[%emt 0:00:44] [#] And now Ne6 would win.} Qg4 31. Qe2 Qxe2 32. Nxe2 Rc8 33. Rxa4 b6 34. cxb6 Nc4 35. b7 {[%emt 0:00:03] aiming for Rxf5.} Rc5 36. Nd4 {[%emt 0:01:57] Ra8 would kill now.} Rxe5 37. Rxc4 {[%emt 0:00:39] Weighted Error Value: White=0.38/Black=0.42.  Mistake:       	White=1     	Black=5      Inaccurate:     	White=1     	Black=4      OK:         	White=10    	Black=3      Best:        	White=2     	Black=2      Strong:       	White=1     	---} 1-0

[Event "81st Georgian Women-ch 2024"]
[Site "Tbilisi"]
[Date "2024.02.17"]
[Round "8.5"]
[White "Batsiashvili, Nino"]
[Black "Tsetskhladze, Mariam"]
[Result "1-0"]
[ECO "C10"]
[WhiteElo "2451"]
[BlackElo "1912"]
[Annotator "RC"]
[PlyCount "119"]
[EventDate "2024.02.08"]
[EventType "tourn"]
[EventCountry "GEO"]
[SourceTitle "playchess.com"]
[Source "ChessBase"]
[SourceQuality "1"]
[TimeControl "40/5400+30:1800+30"]

1. d4 d5 2. Nc3 e6 3. e4 dxe4 4. Nxe4 Nd7 5. Nf3 Ngf6 6. Ng3 c5 7. Be2 Be7 8. O-O O-O 9. c4 cxd4 10. Nxd4 a6 11. Be3 Qc7 12. Rc1 b6 13. Bf3 Bb7 14. Bxb7 Qxb7 15. Qe2 Rac8 16. Rfd1 Rfe8 17. a3 Bf8 18. h3 h6 19. Nf1 Nb8 20. b4 Red8 21. Qb2 Ne4 22. Nd2 Nd6 23. Qb3 Nc6 24. N2f3 Nxd4 25. Nxd4 e5 26. Nf3 Nf5 27. Nxe5 Nxe3 28. Qxe3 Rxd1+ 29. Rxd1 Re8 30. Qd4 a5 31. c5 axb4 32. axb4 bxc5 33. bxc5 Qc7 34. Nd7 Rc8 35. Rc1 Rd8 36. c6 Bd6 37. Rd1 Be7 38. Qd5 Rc8 39. Rc1 Bd6 40. Rc3 Ra8 41. g3 Ra5 42. Qe4 Qd8 43. Kg2 Bc7 44. Re3 Ra8 45. h4 Rc8 46. Qg4 Kh8 47. Qf5 Kg8 48. Re4 Bd6 49. Qd5 Bc7 50. Qd4 f6 51. Re6 Kh8 52. Qe4 Qg8 53. h5 Be5 54. Nxe5 fxe5 55. Qxe5 Kh7 56. c7 Qf8 57. Re7 Ra8 58. Rd7 Rc8 59. Qe4+ Kh8 60. Qd3 1-0

[Event "81st Georgian Women-ch 2024"]
[Site "Tbilisi"]
[Date "2024.02.18"]
[Round "9.1"]
[White "Tsetskhladze, Mariam"]
[Black "Melia, Salome"]
[Result "0-1"]
[ECO "B28"]
[WhiteElo "1912"]
[BlackElo "2355"]
[Annotator "TA"]
[PlyCount "78"]
[EventDate "2024.02.08"]
[EventType "tourn"]
[EventCountry "GEO"]
[SourceTitle "playchess.com"]
[Source "ChessBase"]
[SourceQuality "1"]
[TimeControl "40/5400+30:1800+30"]

1. e4 c5 2. Nf3 a6 3. g3 Nc6 4. Bg2 d6 5. d4 cxd4 6. Nxd4 Bd7 7. O-O g6 8. c4 {[%emt 0:11:52] White is slightly better.} Bg7 9. Nxc6 Bxc6 10. Nc3 Nf6 11. Be3 O-O 12. Rc1 Nd7 13. Qe2 b5 14. cxb5 axb5 15. Nxb5 Bxb5 16. Qxb5 Rxa2 17. Rc2 Ne5 18. Qe2 Qb8 19. f4 Nd7 20. Bh3 Nf6 21. Bd4 (21. Bg2 $11) 21... Ra4 $15 22. Rc4 Qb5 23. Rfc1 e5 24. fxe5 {[%emt 0:04:19] [#]} Nxe4 25. Bf1 {[%emt 0:05:50][%cal Oc4a4] Black must now prevent Rxa4!} dxe5 {[%emt 0:10:00] And now ...Rxc4 would win. Black is more active.} 26. Bxe5 Rxc4 27. Rxc4 {[%emt 0:00:05] Bxg7 is the strong threat.} Qb6+ (27... Qxe5 {simplifies} 28. Rxe4 Qd5 29. b4 Bd4+) 28. Kg2 Bxe5 29. Rxe4 Bxb2 30. Qf3 (30. Qb5 $15 {feels stronger.} Qb8 31. Bc4) 30... Kh8 31. Bc4 f5 32. Re6 Qd4 33. Qd3 Qc5 34. Qe2 Bf6 35. Kf1 Kg7 36. Bb5 $2 {[%emt 0:00:27][%mdl 8192] Loses the game.} (36. Bb3 $17) 36... Rb8 $19 {[%emt 0:00:28] Black is clearly winning.} 37. Bd3 Qd5 {[%emt 0:00:46] [#] Strongly threatening ...Qh1+.} 38. Re7+ Bxe7 39. Qxe7+ Kg8 {[%emt 0:00:22] Weighted Error Value: White=0.50/Black=0.16 (very precise) .  Loses game:     	White=1     	---        Mistake:       	White=2     	---        Inaccurate:     	White=3     	Black=3      OK:         	White=7     	Black=17     Best:        	---       	Black=3} 0-1

[Event "81st Georgian Women-ch 2024"]
[Site "Tbilisi"]
[Date "2024.02.18"]
[Round "9.2"]
[White "Kirtadze, Anastasia"]
[Black "Batsiashvili, Nino"]
[Result "1/2-1/2"]
[ECO "C64"]
[WhiteElo "1981"]
[BlackElo "2451"]
[Annotator "TA"]
[PlyCount "90"]
[EventDate "2024.02.08"]
[EventType "tourn"]
[EventCountry "GEO"]
[SourceTitle "playchess.com"]
[Source "ChessBase"]
[SourceQuality "1"]
[TimeControl "40/5400+30:1800+30"]

1. e4 e5 2. Nf3 Nc6 3. Bb5 a6 4. Ba4 Bc5 5. O-O Nge7 6. c3 (6. Nxe5 $5 Nxe5 7. d4 $14) 6... Ba7 7. d4 Ng6 8. Bxc6 dxc6 9. Nxe5 Nxe5 10. dxe5 Qe7 11. Qh5 O-O 12. Bf4 f5 $1 13. exf6 Rxf6 (13... Qxe4 {keeps more tension.} 14. Be5 Rf7 15. Nd2 Qf5) 14. Qe5 (14. Bg5 $11 {remains equal.} Rxf2 15. Rxf2 (15. Bxe7 $2 Rf5+ $19) 15... Bxf2+ 16. Kxf2 Qc5+ 17. Kg3 Qe5+ 18. Kf2) 14... Qf7 $17 15. Bg3 Bg4 16. Nd2 Rf8 17. Rae1 {[%emt 0:10:55] Against Be2} Qxa2 ({Black should play} 17... Rxf2 $1 $15 18. Bxf2 Bxf2+ 19. Kh1 Qd7 (19... Qxa2 20. Rxf2 Rxf2 21. Nf3 $11)) 18. c4 $1 $14 Qa4 19. Qc3 {[%emt 0:07:21] Against Qb4} (19. Qxc7 Qb4 20. Nf3 Bb8 (20... Qxc4 21. Ne5 $14) (20... Qxb2 $2 21. Be5 $18) (20... Bxf3 21. gxf3 Rxf3 22. Rd1 $17) 21. Qxb8 Rxb8 22. Bxb8 Re6 $19 (22... Qxb2 23. Be5 $11) (22... Qxc4 23. Ne5 $17) (22... Bxf3 $2 23. gxf3 Rxf3 24. Bg3 $19)) 19... Bc5 20. e5 (20. Ra1 $5 Qb4 $8 21. Nb3 $11) 20... Rg6 21. b3 Qb4 22. Qd3 Bf5 23. Ne4 a5 24. Kh1 b5 25. cxb5 Qd4 ({Better is} 25... Be7 $14) 26. Qxd4 (26. Nf6+ $1 $16 gxf6 27. Qxf5 fxe5 28. Qc2 (28. Qxe5 Qxe5 29. Rxe5 Bd6 $14) 28... cxb5 29. Re4 (29. Bxe5 Qd5 $18) (29. Rxe5 Rxg3 30. Rxc5 Rxg2 $16)) 26... Bxd4 $11 27. bxc6 Rxc6 28. f4 (28. Rd1 $11 Bb2 29. Ng5) 28... Rb8 $17 29. Rd1 Bb2 {[%emt 0:02:21] This pair of bishops is nice.} ({Of course not} 29... Bxe4 30. Rxd4 Bf5 31. Rd5 $11) 30. Rfe1 h6 ({Don't play} 30... Rxb3 31. Rd8+ Kf7 32. Ng5+ Ke7 33. Rg8) 31. Bh4 (31. Bf2 $15) 31... Rxb3 (31... Be6 $17 32. Nd2 Rc2 (32... Bxb3 $2 {too greedy.} 33. Nxb3 Rxb3 34. Rd8+ Kf7 35. Rd7+ Ke6 36. Rxg7 $16)) 32. Ng3 $11 Rxg3 33. hxg3 a4 34. Rd8+ Kf7 {[%emt 0:00:41] [#] ...Ra6 would now be deadly.} 35. g4 Bxg4 36. Ra8 {[%emt 0:01:11] Repels Ra6} a3 37. Re3 $1 Be6 {[%emt 0:01:57] Hoping for ...a2.} 38. Rexa3 Bxa3 39. Rxa3 $15 {[%emt 0:00:05][%mdl 4096] Endgame. KRB-KRB} Rc2 40. Kg1 Bd5 41. Bf2 Ke6 42. Rg3 {[%emt 0:03:17] The position is equal.} Kf5 43. Rxg7 Kxf4 44. e6 Bxe6 45. Bg3+ Kf5 {[%emt 0:00:04] Weighted Error Value: White=0.17 (very precise) /Black=0.13 (very precise) .  Mistake:       	White=4     	Black=3      Inaccurate:     	White=3     	Black=2      OK:         	White=21    	Black=13     Best:        	White=1     	Black=1      Strong:       	White=2     	Black=1} 1/2-1/2

[Event "81st Georgian Women-ch 2024"]
[Site "Tbilisi"]
[Date "2024.02.18"]
[Round "9.3"]
[White "Lomaia, Diana"]
[Black "Khotenashvili, Bella"]
[Result "0-1"]
[ECO "E81"]
[WhiteElo "2037"]
[BlackElo "2467"]
[Annotator "TA"]
[PlyCount "76"]
[EventDate "2024.02.08"]
[EventType "tourn"]
[EventCountry "GEO"]
[SourceTitle "playchess.com"]
[Source "ChessBase"]
[SourceQuality "1"]
[TimeControl "40/5400+30:1800+30"]

1. d4 g6 2. c4 Bg7 3. Nc3 Nf6 4. f3 c5 5. d5 e6 6. e4 d6 7. Bd3 O-O 8. Nge2 a6 9. O-O exd5 10. exd5 Ne8 11. Be3 Nd7 {[%emt 0:01:08] The position is equal.} 12. Qd2 Ne5 13. Rab1 ({Better is} 13. a4 $11) 13... b5 $15 14. cxb5 (14. b3 $15) 14... Nxd3 $17 15. Qxd3 axb5 16. a3 Nc7 17. Qd2 Re8 (17... Bb7 $17) 18. Bg5 $15 f6 19. Bf4 Bb7 20. Rbd1 f5 21. b4 $1 c4 $36 {[%emt 0:04:30][%mdl 2048] Keeping White busy. Black is more active.} 22. Nd4 {[%emt 0:06:36] Black converts the advantage convincingly.} (22. Ra1 $17 {is a better defense.}) 22... Rxa3 $19 ({And not} 22... Nxd5 23. Nxd5 Bxd5 24. Nxf5 Bxf3 25. Rxf3 $11 (25. Nxg7 $2 Re2 $19)) 23. Kh1 Qd7 ({Inferior is} 23... Bxd5 24. Ndxb5 Bxc3 25. Nxc3 $16) 24. Qc1 Ra6 25. Rf2 Bxd5 26. Rfd2 Bf7 27. Nde2 d5 28. Bxc7 $2 (28. h3 {keeps fighting.}) 28... Qxc7 29. Nxb5 Qb7 30. Nbc3 Qxb4 {[%emt 0:01:08] [#] ...Ra3 is the strong threat. Black is clearly winning.} 31. Rxd5 (31. Qc2 $142) 31... Bxd5 32. Nxd5 Qc5 33. Nec3 Rae6 34. Nf4 Rd6 35. Re1 Rxe1+ 36. Qxe1 Qe5 {[%emt 0:00:51][%cal Re5e1] [#]} 37. Nfe2 Rd3 38. f4 Qe3 {[%emt 0:01:40] Weighted Error Value: White=0.85/Black=0.14 (very precise) .  Mistake:       	White=5     	Black=1      Inaccurate:     	White=2     	Black=1      OK:         	White=4     	Black=11     Best:        	---       	Black=2      Strong:       	White=1     	---} 0-1

[Event "81st Georgian Women-ch 2024"]
[Site "Tbilisi"]
[Date "2024.02.18"]
[Round "9.4"]
[White "Javakhishvili, Lela"]
[Black "Donghvani, Nia"]
[Result "1-0"]
[ECO "E14"]
[WhiteElo "2433"]
[BlackElo "2036"]
[Annotator "TA"]
[PlyCount "91"]
[EventDate "2024.02.08"]
[EventType "tourn"]
[EventCountry "GEO"]
[SourceTitle "playchess.com"]
[Source "ChessBase"]
[SourceQuality "1"]
[TimeControl "40/5400+30:1800+30"]

1. d4 Nf6 2. c4 e6 3. Nf3 d5 4. Nc3 Nbd7 5. Qc2 c6 6. e3 Be7 7. b3 b6 8. Bd3 Bb7 9. O-O O-O 10. Bb2 Rc8 11. Qe2 c5 12. cxd5 exd5 13. Rfd1 Qc7 14. Rac1 {[%emt 0:00:00] White is slightly better.} Qb8 15. Bf5 Rcd8 16. dxc5 bxc5 17. Na4 Ne4 (17... d4 $14) 18. Nd2 (18. Bxd7 $142 Rxd7 19. Nd2) 18... Nef6 $16 19. Bxf6 Nxf6 20. Nxc5 Bc6 (20... Bxc5 $14 21. Rxc5 d4) 21. Nf3 Qb6 22. Qc2 $36 {[%emt 0:00:00][%cal Oc5e6][%mdl 2048] Threatens to win with Ne6! White is on the roll.} Ba8 23. Na4 Qb4 24. Qc7 g6 25. Bh3 {[%emt 0:00:00] White is much more active.} a5 26. Nd4 Bd6 27. Qc2 Ne4 28. g3 Qb7 29. Qe2 Rde8 30. Qb5 Qe7 31. Rc2 Qg5 (31... Bb4 $16 {was necessary.} 32. Qd7 Qxd7 33. Bxd7 Rb8) 32. Bg2 $18 (32. Qxa5 Qh5 33. f3 Qxh3 34. fxe4 Bxg3 35. hxg3 Qxg3+ 36. Kf1 Qxe3 $14) 32... h5 $2 {[%emt 0:04:12] [#]} (32... Bb4 33. Bxe4 Rb8) 33. Nb6 (33. Qxa5 h4 34. Nc3 Nxf2 35. Rxf2 hxg3 $18) 33... h4 34. Nf3 {[%emt 0:00:00] Excellent horsemanship.} (34. Qxa5 hxg3 35. hxg3 Bxg3 $11) 34... Qh5 (34... Qe7 {was called for.} 35. Nxa8 (35. gxh4 Rb8 $17) (35. Nxd5 Bxd5 36. Rxd5 hxg3 $18) (35. Qxa5 Bb4 $18) (35. Nxh4 Rb8 $18) 35... hxg3) 35. Nxa8 {[%emt 0:00:00] White is clearly winning.} (35. Qxa5 h3 36. Nxa8 (36. Bh1 $2 Ng5 $19) 36... hxg2 37. Kxg2 Rxa8 38. Qxd5 Qxd5 39. Rxd5 Kg7 $15) ({Not} 35. Nxd5 Re5 36. Rc6 Rf5 $15 (36... Bxc6 37. Qxc6 hxg3 38. hxg3 $16)) 35... hxg3 36. hxg3 Nf6 37. Nb6 Rxe3 38. fxe3 Qh6 39. Nxd5 Nxd5 40. Qxd5 Qxe3+ 41. Kf1 Bxg3 42. Qd4 Qe6 43. Re2 Qf5 44. Qd5 Qf4 45. Qe5 Qg4 46. Qg5 {[%emt 0:00:11] Weighted Error Value: White=0.19 (very precise) /Black=0.46.  Mistake:       	White=1     	Black=5      Inaccurate:     	White=2     	Black=3      OK:         	White=9     	Black=3      Best:        	White=2     	Black=1} 1-0

[Event "81st Georgian Women-ch 2024"]
[Site "Tbilisi"]
[Date "2024.02.18"]
[Round "9.5"]
[White "Arabidze, Meri"]
[Black "Mgeladze, Kesaria"]
[Result "1-0"]
[ECO "A57"]
[WhiteElo "2466"]
[BlackElo "2038"]
[Annotator "TA"]
[PlyCount "85"]
[EventDate "2024.02.08"]
[EventType "tourn"]
[EventCountry "GEO"]
[SourceTitle "playchess.com"]
[Source "ChessBase"]
[SourceQuality "1"]
[TimeControl "40/5400+30:1800+30"]

1. d4 Nf6 2. c4 c5 3. d5 b5 4. cxb5 a6 5. e3 axb5 6. Bxb5 Qa5+ 7. Nc3 Bb7 8. Bd2 Qb6 9. a4 {[%emt 0:00:21] And now e4 would win.} Nxd5 10. Nf3 e6 11. O-O {[%emt 0:00:14] White has an edge.} Be7 12. e4 Nb4 13. Ne5 O-O 14. Bf4 (14. Bxd7 $2 Qd6 15. Bf4 Nxd7 $19) 14... Qd8 15. Nxd7 Nxd7 16. Qxd7 Qxd7 17. Bxd7 Nc2 18. Rad1 Nd4 19. Bc7 Ba6 ({Better is} 19... Bc8 $14 20. Bb5 Ba6) 20. Nb5 $16 Bc8 21. Nxd4 Bxd7 {[%emt 0:01:20] [#]} 22. Nf5 exf5 23. Rxd7 Rfe8 24. exf5 {[%emt 0:05:03] Re1 is the strong threat.} Rxa4 25. Re1 Bf8 26. Kf1 (26. Rxe8 $2 {gets mated.} Ra1+) 26... Rxe1+ 27. Kxe1 {[%emt 0:00:03][%mdl 4096] Endgame. KRB-KRB} Ra7 28. Kd2 Rb7 29. Kc3 h5 (29... c4 $142) 30. h4 (30. b3 $16) 30... f6 31. b3 Ra7 32. f3 Ra1 {[%emt 0:09:43] [#]} (32... Rb7 $142) 33. Bf4 $1 {[%emt 0:05:52] White is more active.} Rg1 34. g3 Rf1 {[%emt 0:00:05] [#]} 35. Rd3 Kf7 36. Kc4 Be7 37. Kd5 Rg1 (37... g5 {is a better defense.} 38. fxg6+ Kxg6) 38. Kc6 $18 Rb1 $2 (38... Kf8 {is more resistant.} 39. Be3 Rxg3) 39. Be3 {[%emt 0:01:21] White is clearly winning.} Rb2 40. Bxc5 Rc2 41. b4 {[%emt 0:01:31][%cal Bb3b4,Bb4c5][%mdl 32] Rd7 would kill now.} Kg8 42. Re3 Bxc5 43. bxc5 {[%emt 0:00:01] Weighted Error Value: White=0.05 (flawless) /Black=0.24 (precise) .  Mistake:       	White=1     	Black=5      Inaccurate:     	White=1     	Black=4      OK:         	White=17    	Black=11     Best:        	White=4     	Black=1      Brilliant:      	White=1     	---} 1-0